 Dungeon Crawl Stone Soup version 0.26-a0-61-g6c07f0e (webtiles) character file.

Game seed: 618454331118509330

14015 thirtiethelement the Blocker (level 12, -1/96 HPs)
             Began as a Gnoll Fighter on June 9, 2020.
             Was a High Priest of Cheibriados.
             Slain by a death knight
             ... wielding a cursed +0 battleaxe
              (19 damage)
             ... on level 10 of the Dungeon.
             The game lasted 00:26:06 (12455 turns).

thirtiethelement the Blocker (Gnoll Fighter)       Turns: 12455, Time: 00:26:06

Health: -1/96      AC: 11    Str: 34    XL:     12   Next: 12%
Magic:  17/22      EV: 20    Int: 22    God:    Cheibriados [*****.]
Gold:   779        SH:  9    Dex: 33    Spells: 20/24 levels left

rFire    + . .     SeeInvis .   Q - +12 long sword of Yghupum {vorpal, rC+}
rCold    + . .     Gourm    .   w - +0 buckler
rNeg     + + .     Faith    .   I - +1 robe of Follow the Leader {rPois rN+ Dex+4}
rPois    +         Spirit   .   T - +2 hood of the Assassin {Detection Stab+ Stlth++}
rElec    .         Reflect  .   E - +0 cloak
rCorr    .         Harm     .   G - +0 pair of gloves
MR       .....                  s - +1 pair of boots
Stlth    +++++++...             h - amulet of the acrobat
HPRegen  0.26/turn              L - ring of Diaghav {rF+ Dex+3}
MPRegen  0.18/turn              g - ring of positive energy

@: very slow
A: distributed training, fangs 1, strong nose
a: Bend Time, Temporal Distortion, Slouch, Step From Time, Renounce Religion


You were on level 10 of the Dungeon.
You worshipped Cheibriados.
Cheibriados was extremely pleased with you.
You were not hungry.

You visited 2 branches of the dungeon, and saw 12 of its levels.
You also visited: Ossuary.

You collected 815 gold pieces.
You spent 36 gold pieces at shops.

Inventory:

Hand Weapons
 a - a +1 war axe
 r - a +1 morningstar of flaming
 Q - the +12 long sword of Yghupum (weapon) {vorpal, rC+}
   (You took it off an orc wizard on level 10 of the Dungeon)

   It inflicts extra damage upon your enemies.
   It protects you from cold.
 R - a +2 scimitar of venom
 U - the +11 hunting sling of Ruination {speed, rN+}
   (You took it off a gnoll shaman on level 10 of the Dungeon)

   Attacks with this weapon are significantly faster.
   It protects you from negative energy.
   Cheibriados disapproves of the use of such an item.
Missiles
 q - 13 javelins (quivered)
 A - 13 boomerangs
Armour
 b - a +0 scale mail
 c - a +0 kite shield
 s - a +1 pair of boots (worn)
 w - a +0 buckler (worn)
 E - a +0 cloak (worn)
 G - a +0 pair of gloves (worn)
 I - the +1 robe of Follow the Leader (worn) {rPois rN+ Dex+4}
   (You found it on level 8 of the Dungeon)

   It affects your dexterity (+4).
   It protects you from poison.
   It protects you from negative energy.
 T - the +2 hood of the Assassin (worn) {Detection Stab+ Stlth++}
   (You found it on level 10 of the Dungeon)

   It makes you much more stealthy.
Magical Staves
 C - an uncursed staff of air {unknown}
Jewellery
 g - a ring of positive energy (right hand)
 h - an amulet of the acrobat (around neck)
 n - an uncursed ring of resist corrosion
 L - the ring of Diaghav (left hand) {rF+ Dex+3}
   (You found it on level 8 of the Dungeon)

   [ring of protection from fire]

   It affects your dexterity (+3).
   It protects you from fire.
 O - an uncursed amulet of guardian spirit {unknown}
 Y - a cursed amulet of inaccuracy {unknown}
Wands
 i - a wand of polymorph (16)
 j - a wand of iceblast (9)
 u - a wand of disintegration (16)
 M - a wand of acid (6)
 N - a wand of digging (5)
 S - a wand of clouds (15)
Scrolls
 e - 8 scrolls of teleportation
 l - 9 scrolls of remove curse
 m - 2 scrolls of enchant weapon
 y - a scroll of blinking
 z - 3 scrolls of amnesia
 K - a scroll of magic mapping
 P - 2 scrolls of fog
 W - 3 scrolls of identify
 Z - a scroll of silence
Potions
 d - 3 potions of might
 k - 3 potions of lignification
 o - a potion of curing
 t - 2 potions of invisibility
 v - 4 potions of brilliance
 x - 4 potions of degeneration {unknown}
 B - 2 potions of magic
 D - 3 potions of haste
 F - 2 potions of cancellation
 H - 4 potions of stabbing {unknown}
 J - 2 potions of resistance
 V - 2 potions of flight
Comestibles
 f - 22 rations
 X - 2 chunks of flesh


   Skills:
 + Level 9.5 Fighting
 + Level 6.8 Short Blades
 + Level 6.8 Long Blades
 + Level 8.3 Axes
 + Level 6.8 Maces & Flails
 + Level 6.8 Polearms
 + Level 6.8 Staves
 + Level 6.8 Slings
 + Level 6.8 Bows
 + Level 6.8 Crossbows
 + Level 6.8 Throwing
 + Level 9.5 Armour
 + Level 6.8 Dodging
 + Level 6.8 Stealth
 + Level 9.5 Shields
 + Level 6.8 Unarmed Combat
 + Level 6.8 Spellcasting
 + Level 5.6 Conjurations
 + Level 5.6 Hexes
 + Level 5.6 Charms
 + Level 5.6 Summonings
 + Level 5.6 Necromancy
 + Level 5.6 Translocations
 + Level 5.6 Transmutations
 + Level 5.6 Fire Magic
 + Level 5.6 Ice Magic
 + Level 5.6 Air Magic
 + Level 5.6 Earth Magic
 + Level 5.6 Poison Magic
 + Level 7.5 Invocations
 + Level 6.8 Evocations


You had 20 spell levels left.
You knew the following spells:

 Your Spells              Type           Power        Failure   Level  Hunger
a - Summon Ice Beast      Ice/Summ       ####....     9%          4    ###....

Your spell library contained the following spells:

 Spells                   Type           Power        Failure   Level  Hunger
 Corona                   Hex            ####...      1%          1    None
 Foxfire                  Conj/Fire      ####         1%          1    None
 Summon Small Mammal      Summ           ####         1%          1    None
 Call Imp                 Summ           ####....     1%          2    None
 Slow                     Hex            ####....     1%          2    None
 Call Canine Familiar     Summ           ####....     2%          3    None
 Inner Flame              Hex/Fire       ####....     2%          3    None
 Portal Projectile        Hex/Tloc       ####..       2%          3    None
 Summon Guardian Golem    Hex/Summ       ####....     2%          3    None
 Cause Fear               Hex            ####......   9%          4    ###....
 Leda's Liquefaction      Hex/Erth       ####......   9%          4    ###....
 Summon Lightning Spire   Summ/Air       ####....     9%          4    ###....
 Dragon Form              Tmut           ####......   100%        7    #######
 Dragon's Call            Summ           ####......   100%        9    #######


Dungeon Overview and Level Annotations

Branches:
Dungeon (11/15)            Temple (1/1) D:7            Lair (0/6) D:11
    Orc (0/2) D:11        Ossuary (visited)

Altars:
Ashenzari
Cheibriados
Dithmenos
Elyvilon
Fedhas
Gozag
Hepliaklqana
Kikubaaqudgha
Makhleb
Nemelex Xobeh
Okawaru
Qazlal
Ru
Sif Muna
Trog
Uskayaw
Vehumet
Wu Jian
Xom
Yredelemnul
Zin
The Shining One

Shops:
D:4 ??%%=   D:8 *


Innate Abilities, Weirdness & Mutations

Your experience applies equally to all skills.
You have very sharp teeth.
Your uncanny sense of smell can sniff out nearby items.


Message History

You climb upwards.
There is a stone staircase leading down here.
You can feel time thicken for a moment.
You kill Psyche!
Cheibriados thoroughly appreciates the change of pace.
You feel somewhat more hungry.
Cheibriados lowers the support of your attributes as your movement quickens.
The death knight reflects your damage back at you!
* * * LOW HITPOINT WARNING * * *
The death knight's dark mirror aura disappears.
The death knight mumbles some strange prayers to Yredelemnul against you.
Your body is wracked with pain!
* * * LOW HITPOINT WARNING * * *
You hit the death knight but do no damage.
The death knight is almost dead.
The death knight invokes the aid of Yredelemnul against you.
You struggle to resist.
You feel better.
The death knight hits you with a cursed +0 battleaxe!!
You die...

## ##### .## #p).#
..## #.@.# ...#
##...# #..#
#####....#
##.#######.......##
#.##.....###.####
#...#######..#
##.## ##.## # ##.##
##..# # #..####..##


You could see a death knight.

Vanquished Creatures
  Erica (D:8)
  5 two-headed ogres
  Pikel (D:5)
  Psyche (D:10)
  A merfolk (D:10)
  A hornet (D:8)
  A hippogriff (D:10)
  3 wraiths (D:11)
  3 yaks (D:9)
  3 hungry ghosts
  3 wyverns (D:10)
  A hog (D:10)
  Edmund (D:6)
  A soldier ant (D:8)
  4 orc warriors
  2 ice beasts
  A necrophage (D:9)
  7 black bears
  3 phantoms
  5 centaurs
  5 ogres
  An elf zombie (Ossuary)
  A big kobold (D:10)
  2 gnoll sergeants (D:10)
  17 bullfrogs
  3 scorpions
  A wyvern skeleton (D:11)
  5 killer bees (D:10)
  4 howler monkeys
  4 electric eels (D:10)
  4 crimson imps
  A human zombie (Ossuary)
  5 jellies
  2 quasits
  4 centaur zombies
  6 hounds
  2 bullfrog skeletons
  8 orc priests
  A gnoll shaman (D:10)
  16 orc wizards
  5 iguanas
  Natasha (thrice) (D:2)
  7 worker ants
  A killer bee zombie (D:6)
  2 big kobold zombies (Ossuary)
  3 hound skeletons
  3 mummies
  A worker ant zombie (D:5)
  17 adders
  3 gnolls
  A howler monkey skeleton (D:4)
  2 shadow imps
  2 adder zombies
  4 worms
  2 dart slugs
  3 leopard geckos
  48 orcs
  4 bats
  5 giant cockroaches
  6 goblins
  11 hobgoblins
  6 jackals
  6 kobolds
  7 quokkas
  4 ball pythons
  2 frilled lizards
  2 goblin zombies
  10 hobgoblin zombies (Ossuary)
  3 jackal zombies
  8 kobold zombies
  A leopard gecko skeleton (D:5)
  10 orc zombies (Ossuary)
  6 rats
  A plant (D:10)
339 creatures vanquished.

Notes
Turn   | Place    | Note
-------+----------+-------------------------------------------
     0 | D:1      | thirtiethelement the Gnoll Fighter began the quest for the
                  | Orb.
     0 | D:1      | Reached XP level 1. HP: 23/23 MP: 1/1
   197 | D:1      | Reached XP level 2. HP: 29/29 MP: 2/2
   588 | D:2      | Found a glowing golden altar of the Shining One.
   687 | D:2      | Reached XP level 3. HP: 35/35 MP: 3/3
   995 | D:2      | Found a stormy altar of Qazlal.
  1000 | D:2      | Reached skill level 1 in Invocations
  1026 | D:2      | Noticed Natasha
  1033 | D:2      | Killed Natasha
  1033 | D:2      | Reached skill level 1 in Short Blades
  1033 | D:2      | Reached skill level 1 in Long Blades
  1033 | D:2      | Reached skill level 1 in Maces & Flails
  1033 | D:2      | Reached skill level 1 in Polearms
  1033 | D:2      | Reached skill level 1 in Staves
  1033 | D:2      | Reached skill level 1 in Slings
  1033 | D:2      | Reached skill level 1 in Bows
  1033 | D:2      | Reached skill level 1 in Crossbows
  1033 | D:2      | Reached skill level 1 in Throwing
  1033 | D:2      | Reached skill level 1 in Dodging
  1033 | D:2      | Reached skill level 1 in Stealth
  1033 | D:2      | Reached skill level 1 in Unarmed Combat
  1033 | D:2      | Reached skill level 1 in Spellcasting
  1033 | D:2      | Reached skill level 1 in Evocations
  1033 | D:2      | Reached XP level 4. HP: 41/41 MP: 5/5
  1112 | D:2      | Found a bloodstained altar of Trog.
  1207 | D:2      | Noticed Natasha
  1215 | D:2      | Killed Natasha
  1333 | D:2      | Noticed Natasha
  1347 | D:2      | Killed Natasha
  1347 | D:2      | Reached skill level 1 in Conjurations
  1347 | D:2      | Reached skill level 1 in Hexes
  1347 | D:2      | Reached skill level 1 in Charms
  1347 | D:2      | Reached skill level 1 in Summonings
  1347 | D:2      | Reached skill level 1 in Necromancy
  1347 | D:2      | Reached skill level 1 in Translocations
  1347 | D:2      | Reached skill level 1 in Transmutations
  1347 | D:2      | Reached skill level 1 in Fire Magic
  1347 | D:2      | Reached skill level 1 in Ice Magic
  1347 | D:2      | Reached skill level 1 in Air Magic
  1347 | D:2      | Reached skill level 1 in Earth Magic
  1347 | D:2      | Reached skill level 1 in Poison Magic
  1607 | D:2      | Reached XP level 5. HP: 47/47 MP: 6/6
  2103 | D:3      | Reached XP level 6. HP: 48/53 MP: 8/8
  2118 | D:3      | Reached skill level 5 in Axes
  2294 | D:3      | Found an opulent altar of Gozag.
  2624 | D:4      | Found Uteafu's Food Emporium.
  2640 | D:4      | Found Qoazeapp's Jewellery Emporium.
  2660 | D:4      | Found Lacoih's Food Boutique.
  2711 | D:4      | Found Ducu's Magic Scroll Shoppe.
  2733 | D:4      | Found Fohikh's Magic Scroll Shoppe.
  2736 | D:4      | Bought a scroll of remove curse for 36 gold pieces
  2789 | D:4      | Reached XP level 7. HP: 27/59 MP: 10/10
  3446 | D:5      | Entered Level 5 of the Dungeon
  3446 | D:5      | Found a blossoming altar of Fedhas.
  3597 | D:5      | Reached XP level 8. HP: 46/67 MP: 12/12
  4458 | D:6      | Noticed Pikel
  4522 | D:6      | Noticed Edmund
  4544 | D:5      | Killed Pikel
  4614 | D:6      | Reached XP level 9. HP: 70/72 MP: 14/14
  4619 | D:6      | Killed Edmund
  5132 | D:6      | Found a white marble altar of Elyvilon.
  5419 | D:6      | Found a shimmering altar of Xom.
  5420 | D:6      | Found a hazy altar of Hepliaklqana.
  5421 | D:6      | Noticed a spectral ugly thing
  5732 | D:7      | Found a staircase to the Ecumenical Temple.
  5746 | Temple   | Entered the Ecumenical Temple
  6035 | Temple   | Became a worshipper of Cheibriados the Contemplative
  6232 | D:7      | Reached skill level 5 in Invocations
  6578 | D:7      | Found a shattered altar of Ashenzari.
  6804 | D:8      | Found Gamotzo's Goods Gallery.
  6843 | D:8      | Reached XP level 10. HP: 71/80 MP: 17/17
  6857 | D:8      | Reached * piety under Cheibriados
  6875 | D:8      | Noticed Erica
  6909 | D:8      | Killed Erica
  6909 | D:8      | Reached skill level 5 in Short Blades
  6909 | D:8      | Reached skill level 5 in Long Blades
  6909 | D:8      | Reached skill level 5 in Maces & Flails
  6909 | D:8      | Reached skill level 5 in Polearms
  6909 | D:8      | Reached skill level 5 in Staves
  6909 | D:8      | Reached skill level 5 in Slings
  6909 | D:8      | Reached skill level 5 in Bows
  6909 | D:8      | Reached skill level 5 in Crossbows
  6909 | D:8      | Reached skill level 5 in Throwing
  6909 | D:8      | Reached skill level 5 in Dodging
  6909 | D:8      | Reached skill level 5 in Stealth
  6909 | D:8      | Reached skill level 5 in Unarmed Combat
  6909 | D:8      | Reached skill level 5 in Spellcasting
  6909 | D:8      | Reached skill level 5 in Evocations
  6938 | D:8      | Found a sand-covered staircase.
  7056 | Ossuary  | Entered an ossuary
  7194 | Ossuary  | Reached ** piety under Cheibriados
  7451 | D:8      | Found a glowing silver altar of Zin.
  7526 | D:8      | Found a sacrificial altar of Ru.
  7651 | D:8      | Got a fine robe
  7662 | D:8      | Identified the +1 robe of Follow the Leader {rPois rN+
                  | Dex+4} (You found it on level 8 of the Dungeon)
  7774 | D:8      | Paralysed by a hornet for 2 turns
  7782 | D:8      | Paralysed by a hornet for 2 turns
  7784 | D:8      | HP: 3/82 [hornet (2)]
  8078 | D:8      | Got a flickering gossamer ring
  8182 | D:8      | Identified the ring of Diaghav {rF+ Dex+3} (You found it on
                  | level 8 of the Dungeon)
  8344 | D:9      | Noticed a two-headed ogre
  8349 | D:9      | Killed a two-headed ogre
  8425 | D:9      | Learned a level 4 spell: Summon Ice Beast
  8568 | D:9      | Reached *** piety under Cheibriados
  8935 | D:9      | Reached XP level 11. HP: 87/87 MP: 19/19
  9085 | D:9      | Found a shimmering blue altar of Sif Muna.
  9217 | D:10     | Entered Level 10 of the Dungeon
  9232 | D:10     | Reached **** piety under Cheibriados
  9780 | D:10     | Found a shimmering altar of Xom.
 10051 | D:10     | Reached skill level 5 in Conjurations
 10051 | D:10     | Reached skill level 5 in Hexes
 10051 | D:10     | Reached skill level 5 in Charms
 10051 | D:10     | Reached skill level 5 in Summonings
 10051 | D:10     | Reached skill level 5 in Necromancy
 10051 | D:10     | Reached skill level 5 in Translocations
 10051 | D:10     | Reached skill level 5 in Transmutations
 10051 | D:10     | Reached skill level 5 in Fire Magic
 10051 | D:10     | Reached skill level 5 in Ice Magic
 10051 | D:10     | Reached skill level 5 in Air Magic
 10051 | D:10     | Reached skill level 5 in Earth Magic
 10051 | D:10     | Reached skill level 5 in Poison Magic
 10446 | D:10     | Identified the +12 long sword of Yghupum {vorpal, rC+}
 10460 | D:10     | Reached ***** piety under Cheibriados
 10534 | D:10     | Noticed a two-headed ogre
 10548 | D:10     | Killed a two-headed ogre
 10785 | D:10     | Noticed a two-headed ogre
 10787 | D:10     | Noticed a two-headed ogre
 10795 | D:10     | Killed a two-headed ogre
 10798 | D:10     | Killed a two-headed ogre
 10815 | D:10     | Found the +2 hood of the Assassin {Detection Stab+ Stlth++}
 11239 | D:10     | Identified the +11 hunting sling of Ruination {speed, rN+}
 11880 | D:11     | Found a staircase to the Lair.
 12034 | D:11     | Found a staircase to the Orcish Mines.
 12227 | D:11     | Noticed a two-headed ogre
 12234 | D:11     | Killed a two-headed ogre
 12234 | D:11     | Reached XP level 12. HP: 83/96 MP: 22/22
 12415 | D:11     | Noticed a death knight
 12435 | D:11     | Identified Ysinking's Almanac of the Traveller and Darkness
 12437 | D:11     | Noticed Psyche
 12447 | D:11     | HP: 3/96 [bullfrog (6)]
 12453 | D:10     | Killed Psyche
 12455 | D:10     | Slain by a death knight

Illustrated notes

Levels and vault maps discovered:
D:1:      dpeg_arrival_snail, layout_basic
D:2:      layout_loops_ring, lemuel_doored_altar,
          nicolae_overflow_crystal_walls, bloody_trog, uniq_natasha
D:3:      layout_rooms, nicolae_gozag_seed_capital, first_ration,
          supply_closet_lemuel
D:4:      layout_basic, serial_shops, nicolae_shop_window_shopping, shop_coins,
          shop, nicolae_shop_behind_doors, shop, guppyfry_early_lair_pool
D:5:      minmay_evil_eye, layout_basic, overflow_temple_1_default
D:6:      layout_rooms, regret_index_temple_of_mockery,
          overflow_temple_1_default, uniq_pikel, uniq_edmund
D:7:      layout_loops_corners, lemuel_coloured_pillars_altar,
          minmay_temple_entry_grid
D:8:      layout_basic, nicolae_ru_sacrificial_ziggurat, zin_treasury,
          nicolae_ossuary_entry_giza, hangedman_pestilent_swarm,
          nicolae_alphabet_shops, uniq_erica
D:9:      layout_roguey, led_sif_book
D:10:     kennysheep_town
D:11:     layout_cave_pods, lair_entry_dummy, david_orc_2, uniq_psyche
Temple:   grunt_temple_mini_profane

Skill      XL: |  1  2  3  4  5  6  7  8  9 10 11 |
---------------+----------------------------------+-----
Invocations    | 1 2 3 4 5 6 7 |  7.5
Short Blades   | 1 2 3 4 5 6 |  6.8
Long Blades    | 1 2 3 4 5 6 |  6.8
Maces & Flails | 1 2 3 4 5 6 |  6.8
Polearms       | 1 2 3 4 5 6 |  6.8
Staves         | 1 2 3 4 5 6 |  6.8
Slings         | 1 2 3 4 5 6 |  6.8
Bows           | 1 2 3 4 5 6 |  6.8
Crossbows      | 1 2 3 4 5 6 |  6.8
Throwing       | 1 2 3 4 5 6 |  6.8
Dodging        | 1 2 3 4 5 6 |  6.8
Stealth        | 1 2 3 4 5 6 |  6.8
Unarmed Combat | 1 2 3 4 5 6 |  6.8
Spellcasting   | 1 2 3 4 5 6 |  6.8
Evocations     | 1 2 3 4 5 6 |  6.8
Conjurations   | 1 2 3 4 5 |  5.6
Hexes          | 1 2 3 4 5 |  5.6
Charms         | 1 2 3 4 5 |  5.6
Summonings     | 1 2 3 4 5 |  5.6
Necromancy     | 1 2 3 4 5 |  5.6
Translocations | 1 2 3 4 5 |  5.6
Transmutations | 1 2 3 4 5 |  5.6
Fire Magic     | 1 2 3 4 5 |  5.6
Ice Magic      | 1 2 3 4 5 |  5.6
Air Magic      | 1 2 3 4 5 |  5.6
Earth Magic    | 1 2 3 4 5 |  5.6
Poison Magic   | 1 2 3 4 5 |  5.6
Axes           | 5 6 7 8 |  8.3
Fighting       | 7 8 9 |  9.5
Armour         | 7 8 9 |  9.5
Shields        | 7 8 9 |  9.5

Action                   |  1- 3 |  4- 6 |  7- 9 | 10-12 || total
-------------------------+-------+-------+-------+-------++-------
Melee: War axe           |    85 |   168 |   376 |   352 ||   981
       Bite              |     9 |    15 |    44 |    96 ||   164
       Long sword        |       |       |       |    79 ||    79
Throw: Javelin           |       |       |    10 |    17 ||    27
Invok: Slouch            |       |       |       |     1 ||     1
Evoke: Wand              |       |     1 |       |     1 ||     2
  Use: Scroll            |       |    10 |     5 |     2 ||    17
       Potion            |       |     6 |       |     6 ||    12
 Stab: Sleeping          |       |       |     2 |    18 ||    20
       Distracted        |       |       |       |     3 ||     3
  Eat: Chunk             |       |     6 |    11 |     2 ||    19
       Ration            |       |       |     1 |     3 ||     4
Armor: Scale mail        |    32 |    81 |   169 |   100 ||   382
       Robe              |       |       |       |     7 ||     7
Dodge: Dodged            |    30 |    77 |   228 |   299 ||   634
Block: Kite shield       |    46 |    14 |       |       ||    60
       Buckler           |       |    46 |   131 |   174 ||   351
       Rpst.: Long sword |       |       |       |    18 ||    18

Table legend:
 A = Non-vault XP
 B = Vault XP
 C = Vault XP percentage of total XP
 D = Non-vault monster count
 E = Vault monster count
 F = Vault count percentage of total count
                 A         B        C        D         E       F
            +---------+---------+-------+---------+---------+-------
      Total |   10182 |    9840 |  49.1 |     243 |      95 |  28.1
            +---------+---------+-------+---------+---------+-------
        D:1 |      27 |       0 |   0.0 |      17 |       0 |   0.0
        D:2 |     104 |      35 |  25.2 |      18 |       1 |   5.3
        D:3 |     283 |       0 |   0.0 |      33 |       0 |   0.0
        D:4 |     425 |      27 |   6.0 |      19 |       2 |   9.5
        D:5 |     755 |     729 |  49.1 |      29 |       3 |   9.4
        D:6 |     844 |     162 |  16.1 |      24 |       1 |   4.0
        D:7 |     960 |       0 |   0.0 |      20 |       0 |   0.0
        D:8 |     848 |    1455 |  63.2 |      19 |       8 |  29.6
        D:9 |    2613 |       0 |   0.0 |      30 |       0 |   0.0
       D:10 |    1043 |    6893 |  86.9 |      19 |      36 |  65.5
       D:11 |    2280 |     141 |   5.8 |      15 |       5 |  25.0
    Ossuary |       0 |     398 | 100.0 |       0 |      39 | 100.0
            +---------+---------+-------+---------+---------+-------
